 Dungeon Crawl Stone Soup version 0.21.0-3-g78d12a8bdd (webtiles) character file.

663 NullDivider the Sneak (level 7, -4/46 HPs)
             Began as an Octopode Artificer on Jan 9, 2018.
             Slain by an ogre
             ... wielding a +0 giant club
              (17 damage)
             ... on level 5 of the Dungeon.
             The game lasted 00:23:48 (4401 turns).

NullDivider the Sneak (Octopode Artificer)          Turns: 4401, Time: 00:23:48

Health: -4/46      AC:  1    Str: 11    XL:     7   Next: 56%
Magic:  10/10      EV: 15    Int: 14    God:
Gold:   162        SH:  0    Dex: 14    Spells: 6/6 levels left

rFire    . . .     SeeInvis .   a - +0 short sword
rCold    . . .     Gourm    .   (no shield)
rNeg     . . .     Faith    .   (helmet restricted)
rPois    .         Spirit   .   (no amulet)
rElec    .         Reflect  .   (no ring)
rCorr    .         Harm     .   (no ring)
MR       .....                  (no ring)
Stlth    ++++......             (no ring)
HPRegen  0.15/turn              (no ring)
MPRegen  0.12/turn              (no ring)
                                (no ring)
                                (no ring)

@: no status effects
A: almost no armour, stealthy swim, amphibious, 8 rings, constrict 8, camouflage
1, gelatinous body 1
a: no special abilities


You were on level 5 of the Dungeon.
You were not hungry.

You visited 1 branch of the dungeon, and saw 5 of its levels.

You collected 162 gold pieces.

Inventory:

Hand Weapons
 a - a +0 short sword (weapon)
Wands
 c - a wand of enslavement (15)
 d - a wand of random effects (2)
 v - a wand of polymorph (6)
Scrolls
 g - a scroll of fear {unknown}
 i - a scroll of amnesia {unknown}
 k - 5 scrolls of teleportation {unknown}
 l - 2 scrolls of enchant weapon {unknown}
 m - a scroll of noise {unknown}
 n - 2 scrolls of random uselessness {unknown}
 o - a scroll of immolation {unknown}
 p - 4 scrolls of identify {unknown}
 q - a scroll of fog {unknown}
 r - 2 scrolls of remove curse {unknown}
 s - 2 scrolls of blinking {unknown}
Potions
 e - 3 potions of heal wounds {unknown}
 h - 2 potions of flight {unknown}
 j - a potion of berserk rage {unknown}
 t - a potion of haste {unknown}
 u - 2 potions of cancellation {unknown}
 w - a potion of invisibility {unknown}
 x - a potion of degeneration {unknown}
Comestibles
 b - 4 chunks of flesh
 f - 7 rations


   Skills:
 + Level 3.4 Fighting
 + Level 3.6 Short Blades
 + Level 3.9 Dodging
 + Level 5.2 Stealth
 + Level 5.1 Evocations


You had 6 spell levels left.
You didn't know any spells.

Dungeon Overview and Level Annotations

Branches:
Dungeon (5/15)
 Temple: D:4-7

Altars:
Hepliaklqana
Kikubaaqudgha
Okawaru
Wu Jian


Innate Abilities, Weirdness & Mutations

You cannot wear most types of armour.
You are very stealthy in the water. (Stealth+)
You are amphibious.
You can wear up to eight rings at the same time.
You can use your tentacles to constrict eight enemies at once.
Your skin changes colour to match your surroundings (Stealth+).
Your rubbery body absorbs attacks. (AC +1, EV +1)


Message History

An ogre comes into view. It is wielding a giant club.
Some of the chunks of flesh in your inventory have rotted away.
The ogre shouts!
The ogre hits you with a giant club!!
You hit the ogre.
The ogre is lightly wounded.
The ogre barely misses you.
You closely miss the ogre. You squeeze the ogre.
The ogre is moderately wounded.
The ogre hits you with a giant club!
* * * LOW HITPOINT WARNING * * *
Evoke which item? (* to show all) (? for menu, Esc to quit)
Aiming: Polymorph
Press: ? - help, Shift-Dir - straight line, f - ogre
Aim: an ogre, wielding a giant club (moderately wounded, chance to defeat MR: 62%)
The ogre resists with significant effort.
Found 19 stones.
There is an escape hatch in the ceiling here.
The ogre hits you with a giant club!
You die...

#......## ##.. #.....##
##... ##.....### ##....
. #.......####..... ..#
#................ ....##
##..............#
......###.............##
(.............##.....##
..)....@O...####....##
...........##.......#
....................#
................#...##
..............####...##
.............## ##...#
............## ##..##
.......##...## #....
..## ##...# ##...


You could see an ogre.

Vanquished Creatures
  The ghost of Mandevil the Skirmisher, an amateur TrWn (D:3)
  2 phantoms
  An ogre (D:4)
  A hound (D:5)
  Crazy Yiuf (D:2)
  A centaur skeleton (D:4)
  An orc wizard (D:3)
  A worker ant (D:4)
  Robin (D:2)
  3 adders (D:3)
  An ooze (D:1)
  A worm (D:2)
  2 leopard geckos
  13 orcs
  3 ball pythons
  5 giant cockroaches
  10 hobgoblins
  11 jackals
  13 kobolds
  2 quokkas
  9 bats
  6 frilled lizards
  13 goblins
  A quokka skeleton (D:4)
  13 rats
116 creatures vanquished.

Notes
Turn   | Place    | Note
-------+----------+-------------------------------------------
     0 | D:1      | NullDivider the Octopode Artificer began the quest for the Orb.
     0 | D:1      | Reached XP level 1. HP: 13/13 MP: 3/3
   168 | D:1      | Reached XP level 2. HP: 18/18 MP: 4/4
   381 | D:1      | Reached XP level 3. HP: 21/23 MP: 5/5
  1317 | D:2      | Reached XP level 4. HP: 22/29 MP: 6/6
  1331 | D:2      | Noticed Robin
  1611 | D:2      | Killed Robin
  1814 | D:2      | Found a runed door.
  1818 | D:2      | Noticed Crazy Yiuf
  1825 | D:2      | Killed Crazy Yiuf
  2120 | D:3      | Reached XP level 5. HP: 30/34 MP: 8/8
  2297 | D:3      | Found a hazy altar of Hepliaklqana.
  2910 | D:3      | Noticed a phantom
  2927 | D:3      | Killed a phantom
  2927 | D:3      | Reached XP level 6. HP: 19/41 MP: 9/9
  3184 | D:3      | Noticed Mandevil's ghost (amateur TrWn)
  3201 | D:3      | Killed Mandevil's ghost
  3860 | D:4      | Found an ancient bone altar of Kikubaaqudgha.
  3871 | D:4      | Noticed a phantom
  3882 | D:4      | Killed a phantom
  3882 | D:4      | Reached XP level 7. HP: 36/46 MP: 10/10
  3981 | D:4      | Reached skill level 5 in Evocations
  4002 | D:4      | Reached skill level 5 in Stealth
  4108 | D:4      | Found an ornate altar of the Wu Jian Council.
  4240 | D:5      | Entered Level 5 of the Dungeon
  4272 | D:5      | Found an iron altar of Okawaru.
  4401 | D:5      | Slain by an ogre

Skill      XL: |  1  2  3  4  5  6  7 |
---------------+----------------------+-----
Stealth        | 2 3 4 5 |  5.2
Fighting       | 2 3 |  3.4
Short Blades   | 2 3 |  3.6
Evocations     | 4 5 |  5.1
Dodging        | 3 |  3.9

Action                   |  1- 3 |  4- 6 |  7- 9 || total
-------------------------+-------+-------+-------++-------
Melee: Short sword       |   113 |   119 |    40 ||   272
       Constrict         |    22 |    33 |     5 ||    60
       Tentacles         |    17 |    22 |    12 ||    51
Evoke: Wand              |       |    28 |     1 ||    29
 Stab: Sleeping          |    19 |    11 |     3 ||    33
       Distracted        |     1 |       |       ||     1
       Paralysed         |       |     4 |       ||     4
  Eat: Chunk             |     1 |     8 |     2 ||    11
Armor: Skin              |    21 |     2 |     1 ||    24
Dodge: Dodged            |    64 |    61 |    26 ||   151
